AoeStats
← undercat

Arabia

507930626Analyzed
1v1 RM · 13d ago on Sep 20, 2026· 37m 6s· 2 players
Game mode
Random Map
Map size
Tiny (2 player)
Population
200
Speed
Normal
Resources
Standard
Victory
Conquest
Starting age
Dark Age
Ending age
Imperial Age
RankedLock teamsTeams togetherTeam positionsShared explorationLock speedFull tech treeHidden civsTurbo modeCheats
Victory
Defeat
🇹🇼 Burgundians · Taiwan
967
+15
🇭🇰 Burmese · Hong Kong SAR China
955
-15
brianon99
8:03 Loom
10:54 Feudal Age
17:08 Castle Age
26:11 Scale Barding Armor
30:18 Horse Collar
35:02 Fletching
35:49 Wheelbarrow
36:40 Manipur Cavalry
undercat
7:11 Loom
9:14 Feudal Age
9:52 Double-Bit Axe
14:20 Bow Saw
18:18 Castle Age
17:17 Scale Barding Armor
19:44 Husbandry
20:20 Horse Collar
22:41 Chain Barding Armor
23:52 Fletching
26:20 Wheelbarrow
27:39 Bodkin Arrow
27:49 Padded Archer Armor
31:38 Gold Mining
35:35 Imperial Age
32:29 Elite Skirmisher
35:05 Two-Man Saw
35:30 Leather Archer Armor
36:40 Bracer
37:47 Chemistry
37:53 Ballistics
Connection lost

Rejoining the realm…

Still unreachable

The connection could not be restored.

Session expired

The server has moved on; the page needs a fresh start.